 Dungeon Crawl Stone Soup version 0.18-a0-1788-g92de1ac (webtiles) character file.

7969 st0uf the Blocker (level 11, -4/86 HPs)
             Began as a Formicid Fighter on Apr 20, 2016.
             Was a Believer of Qazlal.
             Killed from afar by an electric eel (12 damage)
             ... with a bolt of electricity
             ... on level 10 of the Dungeon.
             The game lasted 01:05:33 (11116 turns).

st0uf the Blocker (Formicid Fighter)               Turns: 11116, Time: 01:05:34

Health: -4/86      AC: 10    Str: 21    XL:     11   Next: 47%
Magic:  13/13      EV: 13    Int:  8    God:    Qazlal [**....]
Gold:   600        SH: 15    Dex: 13    Spells: 0 memorised, 10 levels left

rFire  . . .     SeeInvis +     W - +0 lajatang
rCold  + . .     Gourm    .     b - +0 scale mail
rNeg   . . .     Faith    .     c - +0 shield
rPois  .         Spirit   .     (helmet unavailable)
rElec  .         Dismiss  .     C - +0 cloak
rCorr  .         Reflect  .     (no gloves)
SustAt .         Harm     .     t - +0 pair of boots
MR     +....                    (no amulet)
Stlth  ++........               P - ring of stealth
                                n - ring of protection from cold

@: somewhat resistant to hostile enchantments, unstealthy
A: permanent stasis, dig shafts and tunnels, four strong arms, antennae 3
a: Dig, Shaft Self, Upheaval, Renounce Religion


You were on level 10 of the Dungeon.
You worshipped Qazlal.
Qazlal was pleased with you.
You were very hungry.

You visited 2 branches of the dungeon, and saw 11 of its levels.

You collected 670 gold pieces.
You spent 70 gold pieces at shops.

Inventory:

Hand Weapons
 a - a +0 trident
 j - a +0 halberd
 y - a +0 blowgun
 W - a +0 lajatang (weapon)
Missiles
 z - 21 poisoned needles
 B - 2 throwing nets (quivered)
Armour
 b - a +0 scale mail (worn)
 c - a +0 shield (worn)
 t - a +0 pair of boots (worn)
 C - a +0 cloak (worn)
Jewellery
 n - a ring of protection from cold (left hand)
 P - a ring of stealth (right hand)
 Q - an uncursed ring of sustain attributes
 U - a cursed amulet of inaccuracy {unknown}
 V - an uncursed ring of wizardry
Wands
 h - a wand of polymorph (10/24)
 A - a wand of random effects (19/48)
 O - a wand of confusion (24/48)
 S - a wand of disintegration (0/24)
Scrolls
 g - 4 scrolls of enchant weapon {unknown}
 k - a scroll of enchant armour {unknown}
 l - 2 scrolls of fear {unknown}
 o - 5 scrolls of identify
 q - a scroll of fog {unknown}
 u - 3 scrolls of immolation {unknown}
 w - a scroll of teleportation {unknown}
 E - 3 scrolls of remove curse
 F - a scroll of magic mapping {unknown}
 J - 2 scrolls of amnesia {unknown}
 K - a scroll of noise {unknown}
 L - a scroll of vulnerability {unknown}
 M - a scroll of silence {unknown}
 Z - a scroll of recharging {unknown}
Potions
 d - a potion of might
 e - 5 potions of curing
 i - a potion of cure mutation {unknown}
 r - 2 potions of agility
 s - a potion of flight {unknown}
 v - a potion of beneficial mutation {unknown}
 x - a potion of heal wounds {unknown}
 H - a potion of mutation {unknown}
 I - a potion of haste {unknown}
 R - 2 potions of magic {unknown}
 X - 2 potions of berserk rage {unknown}
 Y - a potion of lignification {unknown}
Comestibles
 f - 8 bread rations
 m - a slice of pizza
 p - 5 meat rations
 D - 2 beef jerkies
 G - 2 royal jellies
 N - 3 fruits


   Skills:
 + Level 8.0 Fighting
 + Level 8.3(8.4) Polearms
 + Level 1.4(5.4) Staves
 + Level 8.0 Armour
 + Level 6.0 Dodging
 + Level 3.7 Stealth
 + Level 10.6 Shields
 * Level 3.7 Invocations


You had 10 spell levels left.
You didn't know any spells.

Dungeon Overview and Level Annotations

Branches:
Dungeon (10/15)            Temple (1/1) D:6
   Lair: D:8-11         Orc: D:9-12

Altars:
Ashenzari
Cheibriados
Dithmenos
Elyvilon
Fedhas
Gozag
Kikubaaqudgha
Makhleb
Nemelex Xobeh
Okawaru
Pakellas
Qazlal
Ru
Sif Muna
Trog
Vehumet
Xom
Yredelemnul
Zin
The Shining One

Shops:
D:6 ?   D:9 }

Annotations:
D:10 Harold


Innate Abilities, Weirdness & Mutations

You are under a permanent stasis effect.
You can dig through walls and to a lower floor.
Your four strong arms can wield two-handed weapons with a shield.
You have a pair of large antennae on your head (SInv).


Message History

You block the crimson imp's attack.
The electric eel shoots out a bolt of lightning at you!
The bolt of electricity hits you!
The electric eel shoots out a bolt of lightning at you!
The bolt of electricity misses you.
The electric eel shoots out a bolt of lightning at you!
The bolt of electricity hits you!
The electric eel shoots out a bolt of lightning at you!
The bolt of electricity hits you!
* * * LOW HITPOINT WARNING * * *
The electric eel shoots out a bolt of lightning at you!
The bolt of electricity hits you!
* * * LOW HITPOINT WARNING * * *
The bolt of electricity misses you.
The crimson imp blinks!
The electric eel shoots out a bolt of lightning at you!
The bolt of electricity hits you!
* * * LOW HITPOINT WARNING * * *
The bolt of electricity hits you!
You die...

#######.########.....#
..................>..#
#.....§#............#
#.####<#.######.....#
#.#.#....#.....#
#.#.#.##.#.#'###
..#.#.#..#.....#
######.#.#.##.....#
............@......#
≈.≈.≈.≈.≈.≈.≈##....#
.≈.≈.≈....5§..+....#
≈.≈.≈.≈.≈.;§≈##....#
.≈.≈.≈.≈.≈Z;C##....#
≈.≈.≈.≈.≈.≈.≈##....#
.≈.≈.≈.≈.≈[Y.#######
.≈.≈.≈.≈.≈.≈#
≈.≈.≈.≈.@.#


You could see a hill giant, an ice beast, 2 electric eels, a crimson imp and a
worker ant zombie.

Vanquished Creatures
  Erica (D:8)
  Pikel (D:7)
  Psyche (D:8)
  Grinder (D:5)
  A troll (D:9)
  Prince Ribbit (D:6)
  A two-headed ogre (D:9)
  5 yaks (D:9)
  Duvessa (D:7)
  3 orc warriors
  4 ice beasts
  4 sky beasts
  A slave (D:8)
  A black bear (D:7)
  2 phantoms (D:5)
  An eye of draining (D:9)
  5 centaurs
  5 ogres
  7 giant frogs
  3 big kobolds
  Dowan (D:7)
  2 wyvern skeletons
  2 scorpions
  A water moccasin skeleton (D:5)
  4 howler monkeys
  A giant frog zombie (D:7)
  5 crimson imps
  3 hounds
  A centaur zombie (D:7)
  Crazy Yiuf (D:3)
  8 orc priests
  A giant frog skeleton (D:4)
  An iron imp (D:5)
  9 orc wizards
  9 worker ants
  A killer bee zombie (D:8)
  A hound skeleton (D:8)
  A howler monkey skeleton (D:6)
  2 worker ant zombies
  17 adders
  7 gnolls
  A shadow imp (D:8)
  3 adder skeletons
  An adder zombie (D:8)
  2 worms
  4 dart slugs
  9 giant geckos
  30 orcs
  8 bats
  2 giant cockroaches (D:1)
  15 goblins
  12 hobgoblins
  6 jackals
  15 kobolds
  7 quokkas
  4 ball pythons
  5 giant newts
  A jackal zombie (D:6)
  2 quokka skeletons
  8 rats
  A fungus (D:3)
263 creatures vanquished.

Vanquished Creatures (others)
  3 slaves (D:8)
  A centaur (D:8)
  2 howler monkeys (D:8)
  2 plants (D:4)
8 creatures vanquished.

Grand Total: 271 creatures vanquished

Notes
Turn   | Place    | Note
--------------------------------------------------------------
     0 | D:1      | st0uf the Formicid Fighter began the quest for the Orb.
     0 | D:1      | Reached XP level 1. HP: 18/18 MP: 1/1
    59 | D:1      | Reached XP level 2. HP: 23/24 MP: 2/2
   150 | D:1      | Reached skill level 4 in Shields
   243 | D:1      | Reached XP level 3. HP: 30/30 MP: 3/3
   519 | D:1      | Reached XP level 4. HP: 33/38 MP: 4/4
   730 | D:2      | Found a shimmering altar of Xom.
   736 | D:2      | Found a deep blue altar of Sif Muna.
   736 | D:2      | Found a radiant altar of Vehumet.
   982 | D:2      | Reached XP level 5. HP: 43/43 MP: 5/5
  1662 | D:3      | Reached skill level 1 in Dodging
  1779 | D:3      | Reached XP level 6. HP: 42/50 MP: 6/6
  2549 | D:3      | Reached skill level 5 in Fighting
  2585 | D:3      | Noticed Crazy Yiuf
  2599 | D:3      | Killed Crazy Yiuf
  2804 | D:4      | Noticed an ogre
  2886 | D:4      | Reached XP level 7. HP: 40/56 MP: 7/7
  3014 | D:4      | Reached skill level 5 in Shields
  3040 | D:4      | Reached skill level 1 in Stealth
  3779 | D:3      | Reached XP level 8. HP: 53/63 MP: 8/8
  3804 | D:3      | Reached skill level 5 in Armour
  4529 | D:4      | Reached skill level 6 in Shields
  4645 | D:5      | Entered Level 5 of the Dungeon
  4721 | D:5      | Noticed Grinder
  4740 | D:5      | Killed Grinder
  4740 | D:5      | Reached skill level 5 in Polearms
  5233 | D:5      | Reached XP level 9. HP: 67/69 MP: 9/9
  5281 | D:5      | Found a sparkling altar of Nemelex Xobeh.
  5403 | D:5      | Reached skill level 7 in Shields
  5547 | D:5      | Found a snail-covered altar of Cheibriados.
  5875 | D:6      | Found a radiant altar of Vehumet.
  5982 | D:6      | Found Irphotyme's Magic Scroll Boutique.
  5997 | D:6      | Bought a scroll of identify for 28 gold pieces
  6005 | D:6      | Bought a scroll of remove curse for 42 gold pieces
  6204 | D:6      | Found a staircase to the Ecumenical Temple.
  6230 | Temple   | Entered the Ecumenical Temple
  6761 | D:6      | Found a basalt altar of Yredelemnul.
  6869 | D:6      | Found a stormy altar of Qazlal.
  6877 | D:6      | Became a worshipper of Qazlal Stormbringer
  6997 | D:6      | Noticed Prince Ribbit
  7099 | D:6      | Killed Prince Ribbit
  7099 | D:6      | Reached skill level 8 in Shields
  7172 | D:6      | Found a glowing golden altar of the Shining One.
  7172 | D:6      | Found a shadowy altar of Dithmenos.
  7321 | D:7      | Noticed Duvessa
  7337 | D:7      | Noticed Dowan
  7339 | D:7      | Killed Duvessa
  7357 | D:7      | Killed Dowan
  7357 | D:7      | Reached XP level 10. HP: 52/77 MP: 7/10
  7567 | D:7      | Found an opulent altar of Gozag.
  8245 | D:8      | Noticed Psyche
  8282 | D:8      | Killed Psyche
  8282 | D:8      | Reached * piety under Qazlal
  8282 | D:8      | Reached skill level 5 in Dodging
  8407 | D:8      | Noticed Pikel
  8436 | D:7      | Killed Pikel
  8436 | D:7      | Reached skill level 9 in Shields
  8784 | D:8      | Noticed Erica
  8807 | D:8      | Killed Erica
  9089 | D:8      | Reached XP level 11. HP: 84/84 MP: 11/11
  9154 | D:8      | Found an ancient bone altar of Kikubaaqudgha.
  9526 | D:8      | Reached skill level 1 in Invocations
  9532 | D:8      | Reached skill level 10 in Shields
  9809 | D:9      | Found Dinailan's Gadget Shop.
 10462 | D:9      | Reached ** piety under Qazlal
 10536 | D:9      | Reached skill level 1 in Staves
 11027 | D:10     | Entered Level 10 of the Dungeon
 11102 | D:10     | Noticed Harold
 11103 | D:10     | Noticed a hill giant
 11116 | D:10     | Killed from afar by an electric eel

Vault maps used:
D:1:      dpeg_arrival_rooms_with_view
D:2:      grunt_temple_overflow_open, kennysheep_small_spiral
D:3:      first_bread, uniq_crazy_yiuf_cottage
D:4:      minivault_25, lexackson_kobold_supper
D:5:      slow_altar_2, basic_altar, minmay_strange_pillars, uniq_grinder
D:6:      lemuel_round_altar, gammafunk_temple_overflow_elements,
          nicolae_qazlal_style_of_elements, minmay_temple_entry_mist,
          basic_altar, serial_shops, nicolae_shop_crystal,
          kennysheep_generic_room_14, uniq_prince_ribbit1
D:7:      nicolae_gozag_seed_capital, uniq_duvessa
D:8:      basic_altar, uniq_pikel, uniq_psyche, uniq_erica
D:9:      serial_shops, shop
D:10:     serial_shops, nicolae_shop_statue_plus, uniq_harold
Temple:   nicolae_temple_no_exploring_needed

Skill      XL: |  1  2  3  4  5  6  7  8  9 10 11 |
---------------+----------------------------------+-----
Shields        | 4 5 6 8 9 10 | 10.6
Fighting       | 4 5 6 7 8 |  8.0
Polearms       | 3 4 5 6 8 |  8.3
Armour         | 4 6 7 8 |  8.0
Dodging        | 1 2 3 4 5 6 |  6.0
Stealth        | 1 2 3 |  3.7
Invocations    | 3 |  3.7
Staves         | 1 |  1.4

Action                   |  1- 3 |  4- 6 |  7- 9 | 10-12 || total
-------------------------+-------+-------+-------+-------++-------
Melee: Trident           |    67 |   209 |   654 |   399 ||  1329
       Lajatang          |       |       |       |   133 ||   133
 Abil: Dig               |       |     3 |     6 |     2 ||    11
 Stab: Distracted        |       |       |     1 |       ||     1
       Invisible         |       |       |       |     2 ||     2
  Eat: Chunk             |       |     7 |    16 |    12 ||    35
Armor: Scale mail        |    13 |    53 |   144 |   101 ||   311
Dodge: Dodged            |    17 |    35 |   155 |   168 ||   375
Block: Shield            |    13 |    57 |   269 |   337 ||   676
